 Dungeon Crawl Stone Soup version 0.31-a0-214-gb37851dbb3 (webtiles) character file.

Game seed: 3162076535484871457

1138 holysushi the Poker (level 8, -2/60 HPs)
             Began as a Formicid Fighter on July 2, 2023.
             Slain by a troll (4 damage)
             ... on level 7 of the Dungeon.
             The game lasted 00:07:01 (5790 turns).

holysushi the Poker (Formicid Fighter)              Turns: 5790, Time: 00:07:02

Health: -2/60      AC: 22    Str: 25    XL:     8   Next: 63%
Magic:  8/8        EV:  8    Int:  8    God:
Gold:   358        SH:  6    Dex: 15    Spells: 7/7 levels left

rFire   . . .        a - +0 trident
rCold   . . .        c - +1 buckler
rNeg    . . .        u - +10 plate armour of the Weaver {rPois Str+4 Stlth-}
rPois   +            (helmet unavailable)
rElec   .            (no cloak)
rCorr   .            (no gloves)
SInv    +            (no boots)
Will    +....        (no amulet) Stlth
                     g - ring of poison resistance
HPRegen 0.30/turn    (no ring)
MPRegen 0.11/turn

%: no passive effects
@: mighty, enlightened, flying
A: permanent stasis, dig shafts and tunnels, antennae 3, four strong arms
a: Dig, Shaft Self


You were on level 7 of the Dungeon.
You visited 2 branches of the dungeon, and saw 8 of its levels.

You collected 358 gold pieces.

Inventory:

Hand Weapons
 a - a +0 trident (weapon)
Missiles
 m - 3 curare-tipped darts
Armour
 b - a +0 scale mail
 c - a +1 buckler (worn)
 p - a +0 ring mail
 u - the +10 plate armour of the Weaver (worn) {rPois Str+4 Stlth-}
   (You found it on level 5 of the Dungeon)

   Str:       It affects your strength (+4).
   rPois:     It protects you from poison.
   Stlth:     It makes you less stealthy.
Jewellery
 g - a ring of poison resistance (left hand)
 w - an amulet of the acrobat
Wands
 h - a wand of flame (8)
 n - a wand of digging (5)
Scrolls
 f - 2 scrolls of noise
 s - 2 scrolls of identify {unknown}
 t - a scroll of immolation {unknown}
 v - a scroll of butterflies
Potions
 e - 2 potions of enlightenment
 i - a potion of haste {unknown}
 j - a potion of magic {unknown}
 k - 3 potions of heal wounds {unknown}
 l - a potion of mutation {unknown}
 o - a potion of berserk rage {unknown}
 q - a potion of degeneration {unknown}
 r - a potion of lignification {unknown}
 x - a potion of curing {unknown}


   Skills:
 - Level 4.0 Fighting
 + Level 7.1 Polearms
 + Level 4.4 Armour
 + Level 4.2 Dodging
 - Level 4.0 Shields
 - Level 3.0 Evocations


You had 7 spell levels left.
You didn't know any spells.
Your spell library contained the following spells:

 Spells                   Type           Power      Damage    Failure   Level
 Static Discharge         Conj/Air       0%         2-2/arc   100%        2
 Frozen Ramparts          Ice            0%         1d1       100%        3
 Airstrike                Air            0%         2d(0-16)  100%        4
 Ice Form                 Ice/Tmut       0%         N/A       100%        4
 Manifold Assault         Tloc           0%         N/A       100%        4
 Summon Ice Beast         Ice/Summ       0%         N/A       100%        4
 Summon Lightning Spire   Summ/Air       0%         N/A       100%        4
 Storm Form               Tmut/Air       0%         N/A       100%        7
 Blink                    Tloc           Unusable   N/A       N/A         2

Dungeon Overview and Level Annotations

Branches:
Dungeon (7/15) Zot: 26939  Temple (1/1) D:4 Zot: 5801

Altars:
Ashenzari
Dithmenos
Elyvilon
Fedhas
Gozag
Kikubaaqudgha
Nemelex Xobeh
Okawaru
Qazlal
Ru
Uskayaw
Xom
The Shining One

Annotations:
D:5 3 runed translucent doors, OldManVictorn's ghost, weakling GnDe


Innate Abilities, Weirdness & Mutations

You cannot be hasted, slowed, berserked, paralysed or teleported.
You can dig through walls and to a lower floor.
You have a pair of large antennae on your head. (SInv)
Your four strong arms can wield two-handed weapons with a shield.


Message History

You barely miss the troll.
The troll is lightly wounded.
The troll barely misses you. The troll claws you. The troll barely misses you.
You hit the troll but do no damage. You block the troll's attack.
The troll claws you! The troll closely misses you.
You closely miss the troll. The troll bites you but does no damage.
The troll claws you but does no damage. The troll claws you!
You hit the troll.
The troll is lightly wounded.
The troll bites you but does no damage. You block the troll's attack.
The troll barely misses you.
You hit the troll but do no damage.
The troll is lightly wounded.
The troll closely misses you. The troll barely misses you.
The troll claws you but does no damage.
You hit the troll.
The troll is lightly wounded.
The troll bites you! You block the troll's attack. x2
You puncture the troll!
The troll is heavily wounded.
The troll bites you but does no damage. The troll claws you!
The troll closely misses you.
You puncture the troll!
The troll is severely wounded.
The troll bites you but does no damage. You block the troll's attack.
The troll claws you!
* * * LOW HITPOINT WARNING * * *
You closely miss the troll.
The troll is severely wounded.
Okay, then.
Okay, then.
It was a potion of enlightenment.
You feel very buoyant.
You fly up into the air.
The troll bites you!
* * * LOW HITPOINT WARNING * * *
You block the troll's attack. The troll claws you.
* * * LOW HITPOINT WARNING * * *
You feel very mighty all of a sudden. The troll bites you.
You die...

{......#....#
.....+....# .. ###
#..##..### ..#
#.##..##..##..####+##..#
...........|...<........
......<.........>.......
..............†.........
........................
##....##.#######@####.##
#.... #.# #T# +.... ...
... #........# .....
#.... .+ .......
....?.... ...........
#............


You could see a troll.

Vanquished Creatures
  A black bear (D:6)
  An ogre (D:4)
  A phantom (D:4)
  A bullfrog (D:7)
  3 scorpions
  5 orc priests
  2 jellies
  A gnoll bouda (D:5)
  2 hounds
  Terence (D:3)
  Ijyb (D:3)
  2 orc wizards
  2 iguanas
  4 gnolls
  8 adders
  A shadow imp (D:5)
  An ufetubus (D:3)
  2 worms (D:3)
  14 orcs
  5 ball pythons
  3 bats
  3 endoplasms
  2 giant cockroaches (D:1)
  10 goblins
  4 hobgoblins
  3 jackals (D:4)
  2 quokkas (D:1)
  2 frilled lizards
  5 kobolds
  6 rats
98 creatures vanquished.

Notes
Turn   | Place    | Note
-------+----------+-------------------------------------------
     0 | D:1      | holysushi the Formicid Fighter began the quest for the Orb.
     0 | D:1      | Reached XP level 1. HP: 18/18 MP: 1/1
   130 | D:1      | Reached XP level 2. HP: 24/24 MP: 2/2
   163 | D:1      | Reached skill level 3 in Polearms
   249 | D:1      | Reached XP level 3. HP: 29/29 MP: 3/3
  1300 | D:3      | Reached skill level 4 in Polearms
  1300 | D:3      | Reached XP level 4. HP: 30/35 MP: 4/4
  1396 | D:3      | Noticed Terence
  1407 | D:3      | Killed Terence
  1408 | D:3      | Noticed Ijyb
  1415 | D:3      | Killed Ijyb
  1416 | D:3      | Reached XP level 5. HP: 25/41 MP: 5/5
  1665 | D:3      | Reached skill level 5 in Polearms
  2084 | D:3      | Reached skill level 1 in Dodging
  2084 | D:3      | Reached XP level 6. HP: 38/48 MP: 6/6
  2643 | D:4      | Found a staircase to the Ecumenical Temple.
  2700 | D:4      | Reached skill level 1 in Evocations
  2700 | D:4      | Reached XP level 7. HP: 51/54 MP: 7/7
  2731 | Temple   | Entered the Ecumenical Temple
  2941 | D:5      | Entered Level 5 of the Dungeon
  3014 | D:5      | Reached skill level 6 in Polearms
  3569 | D:5      | Found a runed translucent gate.
  3569 | D:5      | Noticed a gargoyle
  3578 | D:5      | Noticed OldManVictorn's ghost (weakling GnDe)
  3611 | D:5      | Found a runed translucent gate.
  3790 | D:5      | Identified the +10 plate armour of the Weaver {rPois Str+4
                  | Stlth-}
  3803 | D:5      | Found a runed translucent gate.
  4298 | D:5      | Reached XP level 8. HP: 40/60 MP: 8/8
  4920 | D:6      | Reached skill level 7 in Polearms
  5234 | D:6      | Identified the +5 hand axe "Pycott" {heavy, *Slow Int+3
                  | Dex+3}
  5776 | D:7      | Noticed a troll
  5789 | D:7      | HP: 3/60 [troll (13)]
  5790 | D:7      | Slain by a troll

Illustrated notes

Levels and vault maps discovered:
D:1:      tekkud_arrival_beachfront_property, layout_basic
D:2:      layout_rooms, serial_forest, infiniplex_forest_zigzag_1,
          infiniplex_forest_clump_C, infiniplex_forest_clump_curved,
          infiniplex_forest_3_way, infiniplex_forest_lined_ring,
          infiniplex_forest_zigzag_2, infiniplex_forest_clump_tiny,
          minmay_misc_feat_room
D:3:      layout_loops_ring, uniq_ijyb, uniq_terence
D:4:      layout_rooms, minmay_temple_entry_mist
D:5:      layout_basic, gammafunk_ghost_split
D:6:      layout_basic
D:7:      layout_gridville
Temple:   nicolae_temple_bog_church

Skill      XL: |  1  2  3  4  5  6  7  8 |
---------------+-------------------------+-----
Polearms       | 3 4 5 6 7 |  7.1
Dodging        | 1 2 3 4 |  4.2
Fighting       | 4 |  4.0
Evocations     | 1 3 |  3.0
Armour         | 4 |  4.4
Shields        | |  4.0

Action                     |  1- 3 |  4- 6 |  7- 9 || total
---------------------------+-------+-------+-------++-------
  Melee: Trident           |   106 |   120 |   219 ||   445
Ability: Dig               |       |     1 |       ||     1
  Evoke: Wand              |       |     5 |     8 ||    13
    Use: Scroll            |       |     5 |       ||     5
         Potion            |       |       |     3 ||     3
 Armour: Scale mail        |    39 |    29 |    17 ||    85
         Ring mail         |       |       |     4 ||     4
         Plate armour      |       |       |    76 ||    76
  Dodge: Dodged            |    46 |    55 |    72 ||   173
  Block: Buckler           |    18 |    31 |    43 ||    92

Table legend: (Time is in decaauts)
 A = Elapsed time spent in this place.
 B = Non-inter-level travel time spent in this place.
 C = Inter-level travel time spent in this place.
 D = Time resting spent in this place.
 E = Time spent auto-exploring this place.
 F = Levels seen in this place.
 G = Mean time per level.
                   A        B        C        D        E       F      G
               +--------+--------+--------+--------+--------+-----+--------+
         Total |   5841 |   5532 |    309 |    978 |   3277 |   8 |  730.1 |
       Dungeon |   5642 |   5348 |    294 |    978 |   3109 |   7 |  806.0 |
        Temple |    198 |    183 |     15 |      0 |    167 |   1 |  198.0 |
               +--------+--------+--------+--------+--------+-----+--------+

Top non-repeatable levels by time:
     D:3: 1264 daAuts
     D:5: 1131 daAuts
     D:4: 985 daAuts
     D:6: 965 daAuts
     D:1: 760 daAuts
     D:2: 476 daAuts
  Temple: 198 daAuts
     D:7: 59 daAuts
